AoeStats
← [KMNB] Bandeira

Pilgrims

507261981Analyzed
2v2 RM · 16d ago on Sep 17, 2026· 14m 45s· 4 players
Game mode
Random Map
Map size
Medium (4 player)
Population
200
Speed
Normal
Resources
Standard
Victory
Conquest
Starting age
Dark Age
Ending age
Imperial Age
RankedLock teamsTeams togetherTeam positionsShared explorationLock speedFull tech treeHidden civsTurbo modeCheats
Victory
Defeat
🇮🇳 Burgundians · India
1573
+13
🇬🇧 Cumans · United Kingdom
1523
+14
🇧🇷 Huns · Brazil
1529
-15
🇧🇷 Italians · Brazil
1464
-12
[KMNB] Bandeira
3:12 Loom
10:31 Feudal Age
11:35 Double-Bit Axe
12:01 Horse Collar
14:00 Forging
[KMNB] Dedão
8:17 Loom
10:03 Feudal Age
15:41 Castle Age
Frankie Fast Hands
4:34 Loom
10:02 Feudal Age
EMPEROR98265292
4:54 Loom
10:18 Feudal Age
12:06 Double-Bit Axe
14:14 Scale Mail Armor
Connection lost

Rejoining the realm…

Still unreachable

The connection could not be restored.

Session expired

The server has moved on; the page needs a fresh start.